Oilers vs Jets (R1)

Created - February 18, 2021 at 21:48

Goals
1 2 3 T
Oilers 0 0 2 2
Jets 2 1 2 5
Shots
1 2 3 T
Oilers 11 4 14 29
Jets 7 10 13 30

1st period

1. Jets , Corey Perry 14 (Derek Stepan 23) at 1:52 (PP)
2. Jets , Derek Stepan 21 (Marcus Johansson 26, Corey Perry 19) at 3:51

Penalties :
Adam Larsson (EDM) for Tripping (Minor) at 0:25, Nino Niederreiter (Win) for Hooking (Minor) at 13:01, Jimmy Vesey (Win) for Unsportsmanlike conduct (Minor) at 18:47

2nd period

3. Jets , Ronalds Kenins 9 (Derek Stepan 24) at 0:10 (SH)

Penalties :
Leon Draisaitl (EDM) for Hooking (Minor) at 2:38, Corey Perry (Win) for Hooking (Minor) at 14:58

3rd period

4. Oilers , Shea Weber 3 (Oscar Klefbom 19) at 1:05 (PP)
5. Jets , Ryan Johansen 26 (Nino Niederreiter 28, Josh Bailey 3) at 11:46
6. Jets , Ryan Johansen 27 (Adam Henrique 27, Tyler Myers 22) at 17:44
7. Oilers , Pavel Buchnevich 8 (Darnell Nurse 4, Seth Jones 18) at 19:35

Penalties :
Ryan Johansen (Win) for Boarding (Minor) at 0:31, Adam Larsson (EDM) for Hooking (Minor) at 1:18, Sean Bergenheim (EDM) for Hooking (Minor) at 2:31, James Neal (EDM) for Hooking (Minor) at 5:40, Sean Bergenheim (EDM) for Hooking (Minor) at 12:28, Ryan Johansen (Win) for Hooking (Minor) at 12:34, Tyler Myers (Win) for Tripping (Minor) at 15:13, Oscar Klefbom (EDM) for Hooking (Minor) at 15:32, Dougie Hamilton (Win) for Holding (Minor) at 19:55

Goalie Stats

James Reimer (EDM), 25 saves from 30 shots - (0.833), L, 23-14-4, 60:00 minutes
Kari Lehtonen (Win), 27 saves from 29 shots - (0.931), W, 16-10-2, 60:00 minutes

Players Stats for Oilers

Player Name              G  A  P  +/- PIM S  H  SB GA TA FO     MP     PP MP  PK MP  
------------------------------------------------------------------------------------
Adam Larsson             0  0  0  -2  4   1  2  2  0  1  0/0    23:49   2:28   2:02 
Darnell Nurse            0  1  1   0  0   1  0  0  0  0  0/0    14:31   0:00   2:39 
Denis Grebeshkov         0  0  0   0  0   1  0  0  0  0  0/0     5:23   0:00   0:00 
James Neal               0  0  0   1  2   3  0  0  1  0  0/0    15:00   0:21   0:52 
Jordan Eberle            0  0  0  -1  0   3  1  0  0  0  1/2    20:55   3:44   4:38 
Kevin Porter             0  0  0   1  0   0  1  0  0  0  3/5     9:35   0:00   3:00 
Leon Draisaitl           0  0  0  -1  2   3  3  0  0  1  6/17   15:23   3:44   0:00 
Oscar Klefbom            0  1  1  -2  2   3  1  0  0  0  0/0    19:19   4:25   1:20 
Pavel Buchnevich         1  0  1   1  0   2  1  0  0  0  0/0    10:14   3:03   0:00 
Phil Kessel              0  0  0  -1  0   3  0  1  0  0  1/3    11:12   0:00   0:19 
Riley Sheahan            0  0  0  -3  0   3  1  1  1  0  16/30  21:52   0:00   5:04 
Sean Bergenheim          0  0  0  -2  4   0  1  0  0  0  0/1    18:44   3:04   2:00 
Seth Jones               0  1  1   0  0   1  1  0  0  0  0/0    19:54   2:34   5:29 
Shea Weber               1  0  1  -3  0   1  2  6  0  1  0/0    28:08   4:26   6:23 
Stephane Da Costa        0  0  0   0  0   1  0  0  0  0  5/10   12:09   3:09   0:32 
Taylor Hall              0  0  0  -1  0   2  2  0  0  0  0/0    17:20   3:48   0:51 
Teuvo Teravainen         0  0  0  -2  0   1  1  1  0  0  0/2    13:57   0:07   0:00 
Tobias Enstrom           0  0  0   0  0   0  0  0  0  0  0/0     9:07   0:06   0:12 

Players Stats for Jets

Player Name              G  A  P  +/- PIM S  H  SB GA TA FO     MP     PP MP  PK MP  
------------------------------------------------------------------------------------
Adam Henrique            0  1  1   2  0   0  0  0  1  0  0/1    17:45   3:36   0:00 
Corey Perry              1  1  2   1  2   2  0  0  0  0  1/2    15:43   3:17   0:04 
Derek Stepan             1  2  3   2  0   3  3  1  1  1  20/32  19:06   3:17   4:24 
Dougie Hamilton          0  0  0   2  2   0  2  2  0  0  0/0    22:40   3:31   4:33 
Dwight King              0  0  0  -1  0   0  0  0  0  0  0/0    11:17   0:00   0:10 
Erik Haula               0  0  0  -1  0   0  2  0  0  0  4/6    14:04   0:00   2:23 
Jimmy Vesey              0  0  0  -1  2   0  0  0  0  0  1/1    11:06   0:00   0:00 
Josh Bailey              0  1  1   0  0   0  2  0  0  0  0/0     6:22   0:00   0:00 
Marco Scandella          0  0  0   0  0   2  0  0  0  1  0/0    19:54   3:12   2:23 
Marcus Johansson         0  1  1   1  0   2  1  2  0  0  0/1    18:50   5:26   1:22 
Michael Matheson         0  0  0   1  0   1  0  1  0  0  0/0    11:54   0:00   0:35 
Miro Aaltonen            0  0  0   0  0   2  0  0  0  0  1/4     6:22   0:00   0:00 
Nino Niederreiter        0  1  1   1  2   3  0  0  0  0  1/1    18:32   5:26   1:07 
Ronalds Kenins           1  0  1   1  0   5  1  0  0  0  0/0    11:07   0:00   4:25 
Ryan Johansen            2  0  2   2  4   5  2  0  1  0  10/22  18:36   5:44   0:05 
Troy Stetcher            0  0  0   1  0   0  0  1  0  0  0/0    11:19   0:00   0:00 
Tyler Myers              0  1  1   2  2   1  2  0  0  0  0/0    26:35   5:50   4:06 
Victor Hedman            0  0  0   1  0   4  0  0  0  0  0/0    28:08   5:50   2:23 

3 Stars

1 - Derek Stepan (Win)
2 - Ryan Johansen (Win)
3 - Ronalds Kenins (Win)

Power Play

Oilers - 1 on 7 Attempt(s) - 14.29%
Jets - 1 on 7 Attempt(s) - 14.29%

Penalty Kill

Oilers - 6 on 7 Attempt(s) - 85.71% - Score 0 goal in Penalty Kill
Jets - 6 on 7 Attempt(s) - 85.71% - Score 1 goal in Penalty Kill

Team Stat

Oilers - Hits : 17 - Faceoff Wins : 32 - Blocked Shots : 11 - Penalty Minutes : 14
Jets - Hits : 15 - Faceoff Wins : 38 - Blocked Shots : 7 - Penalty Minutes : 14

Official

Referees : Unknown
Linesman : Unknown

Game Notes

No Game Note

Finance

Level 1 -- Attendance: 6000 (100.00%) -- Ticket Income $630,000
Level 2 -- Attendance: 5000 (100.00%) -- Ticket Income $325,000
Level 3 -- Attendance: 1979 (98.95%) -- Ticket Income $83,118
Level 4 -- Attendance: 4000 (100.00%) -- Ticket Income $96,000
Luxury Box -- Attendance: 964 (96.40%) -- Ticket Income $175,448
Game was played at the MTS Center.
Total Attendance: 17943 (99.68%)
Total Ticket Income: $1,309,566
Other Income: $196,435
Total Income: $1,506,001

Oilers

5 vs 5 Forward 
   Center                   Left Wing                Right Wing               Time % Phy DF OF 
 1 Riley Sheahan            Sean Bergenheim          Teuvo Teravainen         40     1   2  2  
 2 Leon Draisaitl           Taylor Hall              Jordan Eberle            30     1   2  2  
 3 Stephane Da Costa        James Neal               Phil Kessel              20     1   2  2  
 4 Kevin Porter             James Neal               Pavel Buchnevich         10     1   2  2  

5 vs 5 Defense 
   Defense                  Defense                                           Time % Phy DF OF 
 1 Shea Weber               Adam Larsson                                      40     1   2  2  
 2 Darnell Nurse            Seth Jones                                        30     1   2  2  
 3 Tobias Enstrom           Oscar Klefbom                                     20     1   2  2  
 4 Denis Grebeshkov         Oscar Klefbom                                     10     1   2  2  

PowerPlay Forward 
   Center                   Left Wing                Right Wing               Time % Phy DF OF 
 1 Leon Draisaitl           Taylor Hall              Jordan Eberle            60     0   2  3  
 2 Stephane Da Costa        Sean Bergenheim          Pavel Buchnevich         40     0   2  3  

PowerPlay Defense
   Defense                  Defense                                           Time % Phy DF OF 
 1 Oscar Klefbom            Shea Weber                                        60     0   2  3  
 2 Seth Jones               Adam Larsson                                      40     0   2  3  

Penalty Kill 4 Players Forward 
   Center                   Wing                     Time % Phy DF OF 
 1 Riley Sheahan            Jordan Eberle            60     0   3  2  
 2 Kevin Porter             Sean Bergenheim          40     0   3  2  

Penalty Kill 4 Players Defense
   Defense                  Defense                  Time % Phy DF OF 
 1 Seth Jones               Shea Weber               60     0   3  2  
 2 Darnell Nurse            Adam Larsson             40     0   3  2  

Penalty Kill - 3 Players Forward 
   Forward                                           Time % Phy DF OF 
 1 Kevin Porter                                      60     0   3  2  
 2 Taylor Hall                                       40     0   3  2  

Penalty Kill - 3 Players Defense
   Defense                  Defense                  Time % Phy DF OF 
 1 Adam Larsson             Shea Weber               60     0   3  2  
 2 Tobias Enstrom           Darnell Nurse            40     0   3  2  

4 vs 4 Forward 
   Center                   Wing                     Time % Phy DF OF 
 1 Riley Sheahan            Phil Kessel              60     1   2  2  
 2 Stephane Da Costa        Taylor Hall              40     1   2  2  

4 vs 4 Defense
   Defense                  Defense                  Time % Phy DF OF 
 1 Adam Larsson             Shea Weber               60     1   2  2  
 2 Seth Jones               Tobias Enstrom           40     1   2  2  

Last Minutes Offensive
   Center                   Left Wing                Right Wing               Defense                  Defense                  
   Riley Sheahan            Taylor Hall              Jordan Eberle            Seth Jones               Shea Weber               

Last Minutes Defensive
   Center                   Left Wing                Right Wing               Defense                  Defense                  
   Riley Sheahan            Sean Bergenheim          Jordan Eberle            Adam Larsson             Shea Weber               

Goaltenders
Starting : James Reimer             
Backup : Jonas Gustavsson         

Extra Forwards
Normal : Pavel Buchnevich, James Neal, Teuvo Teravainen - PP : Pavel Buchnevich, James Neal - PK : James Neal
Extra Defensemen
Normal : Darnell Nurse, Oscar Klefbom, Seth Jones - PP : Darnell Nurse - PK : Oscar Klefbom, Seth Jones
Penalty Shots
Jordan Eberle, Phil Kessel, Taylor Hall, Teuvo Teravainen, James Neal

Scratches
Connor McDavid (Healthy), Anthony Stewart (Healthy), Jordan Caron (Healthy), Mike Smith (Healthy)

Jets

5 vs 5 Forward 
   Center                   Left Wing                Right Wing               Time % Phy DF OF 
 1 Ryan Johansen            Adam Henrique            Nino Niederreiter        30     1   2  2  
 2 Derek Stepan             Marcus Johansson         Corey Perry              30     1   2  2  
 3 Erik Haula               Dwight King              Jimmy Vesey              25     1   2  2  
 4 Miro Aaltonen            Ronalds Kenins           Josh Bailey              15     1   2  2  

5 vs 5 Defense 
   Defense                  Defense                                           Time % Phy DF OF 
 1 Victor Hedman            Tyler Myers                                       40     1   2  2  
 2 Dougie Hamilton          Marco Scandella                                   30     1   2  2  
 3 Troy Stetcher            Michael Matheson                                  20     1   2  2  
 4 Victor Hedman            Marco Scandella                                   10     1   2  2  

PowerPlay Forward 
   Center                   Left Wing                Right Wing               Time % Phy DF OF 
 1 Ryan Johansen            Marcus Johansson         Nino Niederreiter        55     1   0  4  
 2 Derek Stepan             Adam Henrique            Corey Perry              45     1   0  4  

PowerPlay Defense
   Defense                  Defense                                           Time % Phy DF OF 
 1 Victor Hedman            Tyler Myers                                       60     0   1  4  
 2 Dougie Hamilton          Marco Scandella                                   40     0   1  4  

Penalty Kill 4 Players Forward 
   Center                   Wing                     Time % Phy DF OF 
 1 Derek Stepan             Ronalds Kenins           60     1   3  1  
 2 Erik Haula               Nino Niederreiter        40     1   3  1  

Penalty Kill 4 Players Defense
   Defense                  Defense                  Time % Phy DF OF 
 1 Dougie Hamilton          Tyler Myers              60     1   4  0  
 2 Victor Hedman            Marco Scandella          40     1   4  0  

Penalty Kill - 3 Players Forward 
   Forward                                           Time % Phy DF OF 
 1 Erik Haula                                        60     1   2  2  
 2 Nino Niederreiter                                 40     1   2  2  

Penalty Kill - 3 Players Defense
   Defense                  Defense                  Time % Phy DF OF 
 1 Tyler Myers              Dougie Hamilton          60     1   2  2  
 2 Marco Scandella          Victor Hedman            40     1   2  2  

4 vs 4 Forward 
   Center                   Wing                     Time % Phy DF OF 
 1 Ryan Johansen            Adam Henrique            60     1   2  2  
 2 Derek Stepan             Nino Niederreiter        40     1   2  2  

4 vs 4 Defense
   Defense                  Defense                  Time % Phy DF OF 
 1 Dougie Hamilton          Tyler Myers              60     1   2  2  
 2 Victor Hedman            Marco Scandella          40     1   2  2  

Last Minutes Offensive
   Center                   Left Wing                Right Wing               Defense                  Defense                  
   Ryan Johansen            Adam Henrique            Corey Perry              Victor Hedman            Marco Scandella          

Last Minutes Defensive
   Center                   Left Wing                Right Wing               Defense                  Defense                  
   Ryan Johansen            Erik Haula               Nino Niederreiter        Marco Scandella          Tyler Myers              

Goaltenders
Starting : Kari Lehtonen            
Backup : Jonathan Bernier         

Extra Forwards
Normal : Nino Niederreiter, Corey Perry, Adam Henrique - PP : Nino Niederreiter, Corey Perry - PK : Nino Niederreiter
Extra Defensemen
Normal : Victor Hedman, Marco Scandella, Dougie Hamilton - PP : Tyler Myers - PK : Michael Matheson, Marco Scandella
Penalty Shots
Nino Niederreiter, Corey Perry, Adam Henrique, Ryan Johansen, Erik Haula

Scratches
Robert Hagg (Bruised Left Shoulder Injury)

% Time on Ice - Oilers

Lines # - Real PCT - Wanted PCT - Time Play
Normal Forward
1 - 34% - 40% - 13:56
2 - 29% - 30% - 11:49
3 - 20% - 20% - 8:07
4 - 16% - 10% - 6:33
Normal Defense
1 - 36% - 40% - 14:28
2 - 31% - 30% - 12:36
3 - 20% - 20% - 8:06
4 - 13% - 10% - 5:15
PP Forward
1 - 55% - 60% - 3:51
2 - 45% - 40% - 3:09
PP Defense
1 - 63% - 60% - 4:26
2 - 37% - 40% - 2:34
PK Forward
1 - 71% - 60% - 5:54
2 - 29% - 40% - 2:22
PK Defense
1 - 70% - 60% - 5:48
2 - 30% - 40% - 2:28
PK3 Forward
1 - 80% - 60% - 0:37
2 - 20% - 40% - 0:09
PK3 Defense
1 - 76% - 60% - 0:35
2 - 24% - 40% - 0:11
44 Forward
1 - 87% - 60% - 3:06
2 - 13% - 40% - 0:27
44 Defense
1 - 80% - 60% - 2:51
2 - 20% - 40% - 0:42
Last Minute Offensive  - 0:00
Last Minute Defensive  - 0:00
Total
Forward - 60:00
Defense - 60:00

% Time on Ice - Jets

Lines # - Real PCT - Wanted PCT - Time Play
Normal Forward
1 - 29% - 30% - 11:33
2 - 28% - 30% - 11:23
3 - 28% - 25% - 11:07
4 - 16% - 15% - 6:22
Normal Defense
1 - 38% - 40% - 15:33
2 - 29% - 30% - 11:50
3 - 28% - 20% - 11:19
4 - 4% - 10% - 1:43
PP Forward
1 - 64% - 55% - 5:45
2 - 36% - 45% - 3:17
PP Defense
1 - 65% - 60% - 5:50
2 - 35% - 40% - 3:12
PK Forward
1 - 80% - 60% - 5:35
2 - 20% - 40% - 1:25
PK Defense
1 - 66% - 60% - 4:37
2 - 34% - 40% - 2:23
PK3 Forward
1 - 0% - 60%
2 - 0% - 40%
PK3 Defense
1 - 0% - 60%
2 - 0% - 40%
44 Forward
1 - 100% - 60% - 3:33
2 - 0% - 40% - 0:00
44 Defense
1 - 78% - 60% - 2:47
2 - 22% - 40% - 0:46
Last Minute Offensive  - 0:00
Last Minute Defensive  - 0:00
Total
Forward - 60:00
Defense - 60:00

Play-by-Play

1st period


0:01 of 1st period - Ryan Johansen wins face-off versus Riley Sheahan in neutral zone.
0:04 of 1st period - Snap shot by Nino Niederreiter.
0:04 of 1st period - Shot Misses the Net.
0:25 of 1st period - Minor Penalty to Adam Larsson for Tripping.
0:26 of 1st period - Ryan Johansen wins face-off versus Riley Sheahan in Oilers zone.
0:38 of 1st period - Snap shot by Riley Sheahan.
0:38 of 1st period - Stopped by Kari Lehtonen without a rebound.
0:39 of 1st period - Riley Sheahan wins face-off versus Derek Stepan in Jets zone.
0:40 of 1st period - Wrist shot by Jordan Eberle.
0:40 of 1st period - Stopped by Kari Lehtonen without a rebound.
0:41 of 1st period - Derek Stepan wins face-off versus Kevin Porter in Jets zone.
0:52 of 1st period - Snap shot by Sean Bergenheim.
0:52 of 1st period - Deflect By Kevin Porter.
0:52 of 1st period - Shot Blocked by Dougie Hamilton.
0:52 of 1st period - Puck is out of play.
0:53 of 1st period - Ryan Johansen wins face-off versus Riley Sheahan in Jets zone.
0:58 of 1st period - Slapshot by Victor Hedman.
0:58 of 1st period - Stopped by James Reimer without a rebound.
0:59 of 1st period - Riley Sheahan wins face-off versus Ryan Johansen in Oilers zone.
1:42 of 1st period - Wrist shot by Marcus Johansson.
1:42 of 1st period - Shot Blocked by Shea Weber.
1:50 of 1st period - Slapshot by Ryan Johansen.
1:50 of 1st period - Stopped by James Reimer without a rebound.
1:51 of 1st period - Derek Stepan wins face-off versus Riley Sheahan in Oilers zone.
1:52 of 1st period - Snap shot by Corey Perry.
1:52 of 1st period - Goal by Corey Perry - Oilers : 0 - Jets : 1.
1:53 of 1st period - Erik Haula wins face-off versus Leon Draisaitl in neutral zone.
2:09 of 1st period - Marco Scandella is hit by Leon Draisaitl and loses puck.
2:55 of 1st period - Snap shot by Marcus Johansson.
2:55 of 1st period - Shot Blocked by Shea Weber.
3:21 of 1st period - Shea Weber is hit by Dougie Hamilton and loses puck.
3:37 of 1st period - Snap shot by Miro Aaltonen.
3:37 of 1st period - Stopped by James Reimer without a rebound.
3:38 of 1st period - Derek Stepan wins face-off versus Riley Sheahan in Oilers zone.
3:51 of 1st period - Slapshot by Derek Stepan.
3:51 of 1st period - Goal by Derek Stepan - Oilers : 0 - Jets : 2.
3:52 of 1st period - Corey Perry wins face-off versus Teuvo Teravainen in neutral zone.
4:03 of 1st period - Wrist shot by Derek Stepan.
4:03 of 1st period - Shot Misses the Net.
4:05 of 1st period - Slapshot by Victor Hedman.
4:05 of 1st period - Deflect By Riley Sheahan.
4:05 of 1st period - Stopped by James Reimer without a rebound.
4:06 of 1st period - Ryan Johansen wins face-off versus Stephane Da Costa in Oilers zone.
5:21 of 1st period - Slapshot by Victor Hedman.
5:21 of 1st period - Stopped by James Reimer without a rebound.
5:22 of 1st period - Ryan Johansen wins face-off versus Riley Sheahan in Oilers zone.
5:30 of 1st period - Icing by Dougie Hamilton.
5:31 of 1st period - Ryan Johansen wins face-off versus Riley Sheahan in Jets zone.
5:42 of 1st period - Wrist shot by Adam Henrique.
5:42 of 1st period - Shot Misses the Net.
6:36 of 1st period - Slapshot by Riley Sheahan.
6:36 of 1st period - Shot Misses the Net.
6:42 of 1st period - Wrist shot by Riley Sheahan.
6:42 of 1st period - Stopped by Kari Lehtonen without a rebound.
6:43 of 1st period - Erik Haula wins face-off versus Leon Draisaitl in Jets zone.
6:48 of 1st period - Oscar Klefbom is hit by Erik Haula and loses puck.
7:43 of 1st period - Icing by Josh Bailey.
7:44 of 1st period - Leon Draisaitl wins face-off versus Erik Haula in Jets zone.
7:48 of 1st period - Icing by Tyler Myers.
7:49 of 1st period - Erik Haula wins face-off versus Jordan Eberle in Jets zone.
8:17 of 1st period - Dwight King is hit by Jordan Eberle and loses puck.
8:32 of 1st period - Slapshot by Taylor Hall.
8:32 of 1st period - Stopped by Kari Lehtonen without a rebound.
8:33 of 1st period - Phil Kessel wins face-off versus Derek Stepan in Jets zone.
8:34 of 1st period - Wrist shot by James Neal.
8:34 of 1st period - Shot Blocked by Troy Stetcher.
8:36 of 1st period - Backhand shot by Oscar Klefbom.
8:36 of 1st period - Stopped by Kari Lehtonen without a rebound.
8:37 of 1st period - Stephane Da Costa wins face-off versus Derek Stepan in Jets zone.
8:38 of 1st period - Wrist shot by James Neal.
8:38 of 1st period - Stopped by Kari Lehtonen without a rebound.
8:39 of 1st period - Stephane Da Costa wins face-off versus Derek Stepan in Jets zone.
8:42 of 1st period - Snap shot by Phil Kessel.
8:42 of 1st period - Shot Blocked by Marcus Johansson.
8:44 of 1st period - Wrist shot by Phil Kessel.
8:44 of 1st period - Stopped by Kari Lehtonen with a rebound.
8:46 of 1st period - Snap shot by Stephane Da Costa.
8:46 of 1st period - Stopped by Kari Lehtonen with a rebound.
8:48 of 1st period - Wrist shot by Oscar Klefbom.
8:48 of 1st period - Stopped by Kari Lehtonen with a rebound.
10:16 of 1st period - Icing by Riley Sheahan.
10:17 of 1st period - Miro Aaltonen wins face-off versus Riley Sheahan in Oilers zone.
10:18 of 1st period - Snap shot by Josh Bailey.
10:18 of 1st period - Deflect By Miro Aaltonen.
10:18 of 1st period - Shot Misses the Net.
10:18 of 1st period - Puck is out of play.
10:19 of 1st period - Stephane Da Costa wins face-off versus Miro Aaltonen in Oilers zone.
10:19 of 1st period - Stephane Da Costa is hit by Ronalds Kenins.
11:10 of 1st period - Ryan Johansen is hit by Leon Draisaitl and loses puck.
11:36 of 1st period - Snap shot by Seth Jones.
11:36 of 1st period - Shot Misses the Net.
11:38 of 1st period - Snap shot by Darnell Nurse.
11:38 of 1st period - Deflect By James Neal.
11:38 of 1st period - Shot Misses the Net.
11:38 of 1st period - Puck is out of play.
11:39 of 1st period - Riley Sheahan wins face-off versus Marcus Johansson in Jets zone.
11:52 of 1st period - Victor Hedman is hit by Riley Sheahan and loses puck.
12:02 of 1st period - Icing by Teuvo Teravainen.
12:03 of 1st period - Riley Sheahan wins face-off versus Ryan Johansen in Oilers zone.
12:16 of 1st period - Snap shot by Phil Kessel.
12:16 of 1st period - Stopped by Kari Lehtonen without a rebound.
12:17 of 1st period - Riley Sheahan wins face-off versus Derek Stepan in Jets zone.
12:34 of 1st period - Backhand shot by Sean Bergenheim.
12:34 of 1st period - Shot Blocked by Marcus Johansson.
13:01 of 1st period - Minor Penalty to Nino Niederreiter for Hooking.
13:02 of 1st period - Leon Draisaitl wins face-off versus Derek Stepan in Jets zone.
13:05 of 1st period - Slapshot by Leon Draisaitl.
13:05 of 1st period - Stopped by Kari Lehtonen with a rebound.
13:07 of 1st period - Wrist shot by Jordan Eberle.
13:07 of 1st period - Shot Blocked by Derek Stepan.
13:09 of 1st period - Wrist shot by Taylor Hall.
13:09 of 1st period - Shot Misses the Net.
15:01 of 1st period - Penalty to Nino Niederreiter is over, Nino Niederreiter is back on ice.
15:15 of 1st period - Nino Niederreiter is hit by Teuvo Teravainen and loses puck.
15:54 of 1st period - James Neal is hit by Josh Bailey and loses puck.
17:45 of 1st period - Phil Kessel is hit by Ryan Johansen and loses puck.
18:47 of 1st period - Minor Penalty to Jimmy Vesey for Unsportsmanlike conduct.
18:48 of 1st period - Derek Stepan wins face-off versus Stephane Da Costa in Jets zone.
19:19 of 1st period - Slapshot by Taylor Hall.
19:19 of 1st period - Shot Misses the Net.
19:30 of 1st period - Off-side.
19:31 of 1st period - Derek Stepan wins face-off versus Stephane Da Costa in neutral zone.
Goals for this period are 0 for Oilers vs 2 for Jets.
Shots for this period are 11 for Oilers vs 7 for Jets.

2nd period


0:01 of 2nd period - Derek Stepan wins face-off versus Leon Draisaitl in neutral zone.
0:10 of 2nd period - Wrist shot by Ronalds Kenins.
0:10 of 2nd period - Goal by Ronalds Kenins - Oilers : 0 - Jets : 3.
0:11 of 2nd period - Derek Stepan wins face-off versus Leon Draisaitl in neutral zone.
0:14 of 2nd period - Taylor Hall is hit by Derek Stepan and loses puck.
0:25 of 2nd period - Dougie Hamilton is hit by Taylor Hall and loses puck.
0:46 of 2nd period - Snap shot by Sean Bergenheim.
0:46 of 2nd period - Deflect By Pavel Buchnevich.
0:46 of 2nd period - Stopped by Kari Lehtonen without a rebound.
0:47 of 2nd period - Penalty to Jimmy Vesey is over, Jimmy Vesey is back on ice.
0:47 of 2nd period - Jimmy Vesey wins face-off versus Riley Sheahan in Jets zone.
1:12 of 2nd period - Snap shot by Leon Draisaitl.
1:12 of 2nd period - Shot Misses the Net.
1:39 of 2nd period - Snap shot by Corey Perry.
1:39 of 2nd period - Shot Misses the Net.
1:56 of 2nd period - Riley Sheahan is hit by Josh Bailey and loses puck.
2:03 of 2nd period - Slapshot by Miro Aaltonen.
2:03 of 2nd period - Stopped by James Reimer with a rebound.
2:05 of 2nd period - Snap shot by Ronalds Kenins.
2:05 of 2nd period - Stopped by James Reimer with a rebound.
2:38 of 2nd period - Minor Penalty to Leon Draisaitl for Hooking.
2:39 of 2nd period - Ryan Johansen wins face-off versus Riley Sheahan in Oilers zone.
2:44 of 2nd period - Slapshot by Marcus Johansson.
2:44 of 2nd period - Stopped by James Reimer without a rebound.
2:45 of 2nd period - Riley Sheahan wins face-off versus Ryan Johansen in Oilers zone.
3:19 of 2nd period - Snap shot by Adam Henrique.
3:19 of 2nd period - Shot Misses the Net.
3:21 of 2nd period - Wrist shot by Derek Stepan.
3:21 of 2nd period - Shot Misses the Net.
4:38 of 2nd period - Penalty to Leon Draisaitl is over, Leon Draisaitl is back on ice.
4:58 of 2nd period - Icing by Sean Bergenheim.
4:59 of 2nd period - Riley Sheahan wins face-off versus Erik Haula in Oilers zone.
5:24 of 2nd period - Snap shot by Ronalds Kenins.
5:24 of 2nd period - Stopped by James Reimer with a rebound.
5:40 of 2nd period - Slapshot by Jimmy Vesey.
5:40 of 2nd period - Shot Misses the Net.
5:42 of 2nd period - Slapshot by Marco Scandella.
5:42 of 2nd period - Stopped by James Reimer with a rebound.
6:18 of 2nd period - Slapshot by Jordan Eberle.
6:18 of 2nd period - Stopped by Kari Lehtonen without a rebound.
6:19 of 2nd period - Derek Stepan wins face-off versus Leon Draisaitl in Jets zone.
6:45 of 2nd period - Ryan Johansen is hit by Shea Weber.
6:48 of 2nd period - Off-side.
6:49 of 2nd period - Riley Sheahan wins face-off versus Derek Stepan in neutral zone.
7:06 of 2nd period - Slapshot by Riley Sheahan.
7:06 of 2nd period - Stopped by Kari Lehtonen without a rebound.
7:07 of 2nd period - Ryan Johansen wins face-off versus Phil Kessel in Jets zone.
7:12 of 2nd period - Stephane Da Costa is hit by Tyler Myers and loses puck.
7:34 of 2nd period - Victor Hedman is hit by Leon Draisaitl and loses puck.
7:41 of 2nd period - Wrist shot by Adam Henrique.
7:41 of 2nd period - Deflect By Nino Niederreiter.
7:41 of 2nd period - Stopped by James Reimer with a rebound.
7:43 of 2nd period - Slapshot by Victor Hedman.
7:43 of 2nd period - Deflect By Nino Niederreiter.
7:43 of 2nd period - Shot Blocked by Shea Weber.
7:43 of 2nd period - Puck is out of play.
7:44 of 2nd period - Derek Stepan wins face-off versus Teuvo Teravainen in Oilers zone.
8:32 of 2nd period - Wrist shot by James Neal.
8:32 of 2nd period - Stopped by Kari Lehtonen without a rebound.
8:33 of 2nd period - Kevin Porter wins face-off versus Derek Stepan in Jets zone.
8:42 of 2nd period - Slapshot by Tyler Myers.
8:42 of 2nd period - Stopped by James Reimer without a rebound.
8:43 of 2nd period - Derek Stepan wins face-off versus Sean Bergenheim in Oilers zone.
8:52 of 2nd period - Slapshot by Adam Larsson.
8:52 of 2nd period - Shot Misses the Net.
10:47 of 2nd period - Josh Bailey is hit by Sean Bergenheim and loses puck.
10:54 of 2nd period - Wrist shot by Marco Scandella.
10:54 of 2nd period - Stopped by James Reimer without a rebound.
10:55 of 2nd period - Stephane Da Costa wins face-off versus Corey Perry in Oilers zone.
10:55 of 2nd period - Stephane Da Costa is hit by Derek Stepan.
11:31 of 2nd period - Erik Haula is hit by Adam Larsson and loses puck.
12:12 of 2nd period - Riley Sheahan is hit by Derek Stepan and loses puck.
13:20 of 2nd period - Snap shot by Nino Niederreiter.
13:20 of 2nd period - Shot Misses the Net.
13:22 of 2nd period - Snap shot by Dougie Hamilton.
13:22 of 2nd period - Shot Misses the Net.
14:02 of 2nd period - Seth Jones is hit by Ryan Johansen and loses puck.
14:58 of 2nd period - Minor Penalty to Corey Perry for Hooking.
14:59 of 2nd period - Derek Stepan wins face-off versus Leon Draisaitl in Jets zone.
15:13 of 2nd period - Derek Stepan is hit by Shea Weber and loses puck.
16:58 of 2nd period - Penalty to Corey Perry is over, Corey Perry is back on ice.
17:09 of 2nd period - Wrist shot by Ryan Johansen.
17:09 of 2nd period - Shot Blocked by Teuvo Teravainen.
17:11 of 2nd period - Slapshot by Michael Matheson.
17:11 of 2nd period - Stopped by James Reimer with a rebound.
17:37 of 2nd period - Michael Matheson is hit by Taylor Hall and loses puck.
18:19 of 2nd period - Teuvo Teravainen is hit by Tyler Myers and loses puck.
19:25 of 2nd period - Shea Weber is hit by Marcus Johansson and loses puck.
19:41 of 2nd period - Icing by Jordan Eberle.
19:42 of 2nd period - Leon Draisaitl wins face-off versus Ryan Johansen in Oilers zone.
19:47 of 2nd period - Dougie Hamilton is hit by Seth Jones and loses puck.
Goals for this period are 0 for Oilers vs 1 for Jets.
Shots for this period are 4 for Oilers vs 10 for Jets.

3rd period


0:01 of 3rd period - Riley Sheahan wins face-off versus Derek Stepan in neutral zone.
0:31 of 3rd period - Minor Penalty to Ryan Johansen for Boarding.
0:32 of 3rd period - Derek Stepan wins face-off versus Leon Draisaitl in Jets zone.
0:58 of 3rd period - Oscar Klefbom is hit by Dougie Hamilton and loses puck.
1:05 of 3rd period - Wrist shot by Shea Weber.
1:05 of 3rd period - Deflect By Tyler Myers.
1:05 of 3rd period - Goal by Shea Weber - Oilers : 1 - Jets : 3.
1:06 of 3rd period - Derek Stepan wins face-off versus Riley Sheahan in neutral zone.
1:09 of 3rd period - Snap shot by Corey Perry.
1:09 of 3rd period - Shot Blocked by Adam Larsson.
1:11 of 3rd period - Slapshot by Victor Hedman.
1:11 of 3rd period - Shot Blocked by Shea Weber.
1:13 of 3rd period - Slapshot by Tyler Myers.
1:13 of 3rd period - Shot Misses the Net.
1:18 of 3rd period - Minor Penalty to Adam Larsson for Hooking.
1:19 of 3rd period - Riley Sheahan wins face-off versus Ryan Johansen in Oilers zone.
1:31 of 3rd period - Snap shot by Ryan Johansen.
1:31 of 3rd period - Shot Misses the Net.
1:33 of 3rd period - Slapshot by Victor Hedman.
1:33 of 3rd period - Shot Misses the Net.
1:35 of 3rd period - Wrist shot by Nino Niederreiter.
1:35 of 3rd period - Shot Misses the Net.
2:31 of 3rd period - Minor Penalty to Sean Bergenheim for Hooking.
2:32 of 3rd period - Kevin Porter wins face-off versus Ryan Johansen in Oilers zone.
3:18 of 3rd period - Penalty to Adam Larsson is over, Adam Larsson is back on ice.
3:32 of 3rd period - Icing by Corey Perry.
3:33 of 3rd period - Derek Stepan wins face-off versus Riley Sheahan in Jets zone.
4:06 of 3rd period - Snap shot by Marcus Johansson.
4:06 of 3rd period - Stopped by James Reimer with a rebound.
4:08 of 3rd period - Slapshot by Nino Niederreiter.
4:08 of 3rd period - Stopped by James Reimer with a rebound.
4:31 of 3rd period - Penalty to Sean Bergenheim is over, Sean Bergenheim is back on ice.
5:00 of 3rd period - Snap shot by Jordan Eberle.
5:00 of 3rd period - Stopped by Kari Lehtonen with a rebound.
5:16 of 3rd period - Wrist shot by Jordan Eberle.
5:16 of 3rd period - Shot Misses the Net.
5:23 of 3rd period - Off-side.
5:24 of 3rd period - Derek Stepan wins face-off versus Stephane Da Costa in neutral zone.
5:33 of 3rd period - Wrist shot by Corey Perry.
5:33 of 3rd period - Deflect By Derek Stepan.
5:33 of 3rd period - Shot Hit the Post.
5:33 of 3rd period - Puck is out of play.
5:34 of 3rd period - Derek Stepan wins face-off versus Stephane Da Costa in Oilers zone.
5:40 of 3rd period - Minor Penalty to James Neal for Hooking.
5:41 of 3rd period - Ryan Johansen wins face-off versus Riley Sheahan in Oilers zone.
5:43 of 3rd period - Snap shot by Ryan Johansen.
5:43 of 3rd period - Shot Misses the Net.
5:49 of 3rd period - Snap shot by Ryan Johansen.
5:49 of 3rd period - Stopped by James Reimer without a rebound.
5:50 of 3rd period - Riley Sheahan wins face-off versus Ryan Johansen in Oilers zone.
6:22 of 3rd period - Snap shot by Ryan Johansen.
6:22 of 3rd period - Deflect By Nino Niederreiter.
6:22 of 3rd period - Stopped by James Reimer without a rebound.
6:23 of 3rd period - Kevin Porter wins face-off versus Adam Henrique in Oilers zone.
7:40 of 3rd period - Penalty to James Neal is over, James Neal is back on ice.
7:59 of 3rd period - Snap shot by Erik Haula.
7:59 of 3rd period - Shot Misses the Net.
8:57 of 3rd period - Slapshot by Michael Matheson.
8:57 of 3rd period - Shot Misses the Net.
9:18 of 3rd period - Snap shot by Ryan Johansen.
9:18 of 3rd period - Shot Misses the Net.
9:28 of 3rd period - Marco Scandella is hit by Pavel Buchnevich and loses puck.
10:17 of 3rd period - Wrist shot by Teuvo Teravainen.
10:17 of 3rd period - Shot Misses the Net.
10:29 of 3rd period - Snap shot by Ronalds Kenins.
10:29 of 3rd period - Stopped by James Reimer with a rebound.
10:31 of 3rd period - Snap shot by Tyler Myers.
10:31 of 3rd period - Shot Blocked by Adam Larsson.
11:34 of 3rd period - Snap shot by Ronalds Kenins.
11:34 of 3rd period - Stopped by James Reimer with a rebound.
11:46 of 3rd period - Snap shot by Ryan Johansen.
11:46 of 3rd period - Goal by Ryan Johansen - Oilers : 1 - Jets : 4.
11:47 of 3rd period - Leon Draisaitl wins face-off versus Derek Stepan in neutral zone.
12:02 of 3rd period - Snap shot by Marcus Johansson.
12:02 of 3rd period - Deflect By Derek Stepan.
12:02 of 3rd period - Stopped by James Reimer with a rebound.
12:04 of 3rd period - Snap shot by Derek Stepan.
12:04 of 3rd period - Stopped by James Reimer without a rebound.
12:05 of 3rd period - Riley Sheahan wins face-off versus Ryan Johansen in Oilers zone.
12:16 of 3rd period - Snap shot by Ryan Johansen.
12:16 of 3rd period - Stopped by James Reimer with a rebound.
12:18 of 3rd period - Slapshot by Victor Hedman.
12:18 of 3rd period - Stopped by James Reimer with a rebound.
12:20 of 3rd period - Snap shot by Nino Niederreiter.
12:20 of 3rd period - Shot Blocked by Riley Sheahan.
12:22 of 3rd period - Snap shot by Adam Henrique.
12:22 of 3rd period - Shot Misses the Net.
12:28 of 3rd period - Minor Penalty to Sean Bergenheim for Hooking.
12:29 of 3rd period - Riley Sheahan wins face-off versus Ryan Johansen in Oilers zone.
12:34 of 3rd period - Minor Penalty to Ryan Johansen for Hooking.
12:35 of 3rd period - Nino Niederreiter wins face-off versus Riley Sheahan in Jets zone.
14:28 of 3rd period - Penalty to Sean Bergenheim is over, Sean Bergenheim is back on ice.
14:34 of 3rd period - Penalty to Ryan Johansen is over, Ryan Johansen is back on ice.
14:34 of 3rd period - Snap shot by Taylor Hall.
14:34 of 3rd period - Stopped by Kari Lehtonen without a rebound.
14:35 of 3rd period - Leon Draisaitl wins face-off versus Miro Aaltonen in Jets zone.
14:36 of 3rd period - Snap shot by Taylor Hall.
14:36 of 3rd period - Shot Blocked by Michael Matheson.
14:38 of 3rd period - Slapshot by Oscar Klefbom.
14:38 of 3rd period - Stopped by Kari Lehtonen without a rebound.
14:39 of 3rd period - Jordan Eberle wins face-off versus Miro Aaltonen in Jets zone.
14:56 of 3rd period - Wrist shot by Taylor Hall.
14:56 of 3rd period - Shot Misses the Net.
15:06 of 3rd period - Snap shot by Phil Kessel.
15:06 of 3rd period - Stopped by Kari Lehtonen with a rebound.
15:08 of 3rd period - Slapshot by Denis Grebeshkov.
15:08 of 3rd period - Stopped by Kari Lehtonen without a rebound.
15:09 of 3rd period - Stephane Da Costa wins face-off versus Derek Stepan in Jets zone.
15:13 of 3rd period - Minor Penalty to Tyler Myers for Tripping.
15:14 of 3rd period - Leon Draisaitl wins face-off versus Derek Stepan in Jets zone.
15:16 of 3rd period - Slapshot by Leon Draisaitl.
15:16 of 3rd period - Stopped by Kari Lehtonen with a rebound.
15:26 of 3rd period - Wrist shot by Leon Draisaitl.
15:26 of 3rd period - Stopped by Kari Lehtonen without a rebound.
15:27 of 3rd period - Derek Stepan wins face-off versus Leon Draisaitl in Jets zone.
15:32 of 3rd period - Minor Penalty to Oscar Klefbom for Hooking.
15:33 of 3rd period - Riley Sheahan wins face-off versus Ryan Johansen in Oilers zone.
15:48 of 3rd period - Slapshot by Adam Larsson.
15:48 of 3rd period - Stopped by Kari Lehtonen without a rebound.
15:49 of 3rd period - Riley Sheahan wins face-off versus Ryan Johansen in Jets zone.
15:54 of 3rd period - Snap shot by Phil Kessel.
15:54 of 3rd period - Deflect By Dougie Hamilton.
15:54 of 3rd period - Shot Misses the Net.
15:54 of 3rd period - Puck is out of play.
15:55 of 3rd period - Ryan Johansen wins face-off versus Phil Kessel in Jets zone.
16:11 of 3rd period - Slapshot by Riley Sheahan.
16:11 of 3rd period - Shot Misses the Net.
16:30 of 3rd period - Wrist shot by Riley Sheahan.
16:30 of 3rd period - Shot Misses the Net.
17:04 of 3rd period - Snap shot by Adam Henrique.
17:04 of 3rd period - Shot Misses the Net.
17:06 of 3rd period - Slapshot by Dougie Hamilton.
17:06 of 3rd period - Shot Blocked by Phil Kessel.
17:08 of 3rd period - Slapshot by Ryan Johansen.
17:08 of 3rd period - Shot Blocked by Shea Weber.
17:10 of 3rd period - Slapshot by Victor Hedman.
17:10 of 3rd period - Shot Blocked by Shea Weber.
17:13 of 3rd period - Penalty to Tyler Myers is over, Tyler Myers is back on ice.
17:32 of 3rd period - Penalty to Oscar Klefbom is over, Oscar Klefbom is back on ice.
17:44 of 3rd period - Snap shot by Ryan Johansen.
17:44 of 3rd period - Goal by Ryan Johansen - Oilers : 1 - Jets : 5.
17:45 of 3rd period - Derek Stepan wins face-off versus Leon Draisaitl in neutral zone.
17:50 of 3rd period - Wrist shot by Derek Stepan.
17:50 of 3rd period - Deflect By Marcus Johansson.
17:50 of 3rd period - Shot Misses the Net.
17:50 of 3rd period - Puck is out of play.
17:51 of 3rd period - Derek Stepan wins face-off versus Leon Draisaitl in Oilers zone.
17:52 of 3rd period - Wrist shot by Corey Perry.
17:52 of 3rd period - Stopped by James Reimer with a rebound.
18:24 of 3rd period - Slapshot by James Neal.
18:24 of 3rd period - Stopped by Kari Lehtonen without a rebound.
18:25 of 3rd period - Erik Haula wins face-off versus Kevin Porter in Jets zone.
18:25 of 3rd period - Erik Haula is hit by Kevin Porter.
18:33 of 3rd period - Slapshot by Jimmy Vesey.
18:33 of 3rd period - Shot Misses the Net.
18:56 of 3rd period - Pavel Buchnevich is hit by Erik Haula.
19:10 of 3rd period - Victor Hedman is hit by Adam Larsson and loses puck.
19:25 of 3rd period - Slapshot by Seth Jones.
19:25 of 3rd period - Shot Misses the Net.
19:27 of 3rd period - Wrist shot by Kevin Porter.
19:27 of 3rd period - Shot Misses the Net.
19:29 of 3rd period - Snap shot by Seth Jones.
19:29 of 3rd period - Stopped by Kari Lehtonen with a rebound.
19:31 of 3rd period - Wrist shot by Pavel Buchnevich.
19:31 of 3rd period - Shot Misses the Net.
19:33 of 3rd period - Wrist shot by Darnell Nurse.
19:33 of 3rd period - Stopped by Kari Lehtonen with a rebound.
19:35 of 3rd period - Snap shot by Pavel Buchnevich.
19:35 of 3rd period - Goal by Pavel Buchnevich - Oilers : 2 - Jets : 5.
19:36 of 3rd period - Riley Sheahan wins face-off versus Ryan Johansen in neutral zone.
19:47 of 3rd period - Slapshot by Shea Weber.
19:47 of 3rd period - Deflect By Teuvo Teravainen.
19:47 of 3rd period - Stopped by Kari Lehtonen with a rebound.
19:53 of 3rd period - Snap shot by Riley Sheahan.
19:53 of 3rd period - Shot Blocked by Dougie Hamilton.
19:55 of 3rd period - Minor Penalty to Dougie Hamilton for Holding.
19:56 of 3rd period - Derek Stepan wins face-off versus Leon Draisaitl in Jets zone.
19:56 of 3rd period - Michael Matheson is hit by Oscar Klefbom and loses puck.
Goals for this period are 2 for Oilers vs 2 for Jets.
Shots for this period are 14 for Oilers vs 13 for Jets. Output by the SimonT Hockey Simulator (STHS) for Francois Prevost - Original Page W3C HTML5 Valid
Hockey Simulator - Hockey Simulation - Hockey Manager